 Dungeon Crawl Stone Soup version 0.29-a0-486-ga88943ba61 (webtiles) character file.

Game seed: 7750115096862018637

129 Bruhh the Ogre Mage (level 5, -1/100 HPs)
             Began as an Ogre Earth Elementalist on May 25, 2022.
             Slain by an orc
             ... wielding a +0 trident
              (3 damage)
             ... on level 4 of the Dungeon on May 26, 2022.
             The game lasted 00:04:38 (3461 turns).

Bruhh the Ogre Mage (Ogre Earth Elementalist)       Turns: 3461, Time: 00:04:38

Health: -1/100     AC: 22    Str: 16 (18) XL:     5   Next: 12%
Magic:  5/11       EV:  1    Int: 16 (18) God:
Gold:   134        SH:  0    Dex:  8 (9)  Spells: 8/12 levels left

rFire   . . .      SeeInvis .   e - +0 club
rCold   . . .      Faith    .   (no shield)
rNeg    . . .      Spirit   .   (body armour currently unavailable)
rPois   +          Reflect  .   (helmet currently unavailable)
rElec   .          Harm     .   (cloak currently unavailable)
rCorr   .          Rampage  .   (gloves unavailable)
Will    .....      NoTele   +   (boots unavailable)
Stlth   ..........              (no amulet)
HPRegen 0.26/turn               j - +6 ring of strength
MPRegen 0.12/turn               (no ring)

@: confused, brilliant, berserking, tree-form, attractive, very quick
A: stationary, stasis, torment immunity, boosted hp, large, unfitting armour,
(tough skin 1)
a: no special abilities


You were on level 4 of the Dungeon.
You were a tree.
You visited 1 branch of the dungeon, and saw 4 of its levels.

You collected 134 gold pieces.

Inventory:

Hand Weapons
 e - a +0 club (weapon)
Missiles
 a - 84 stones
Armour
 b - a +0 robe (melded)
Jewellery
 j - a +6 ring of strength (left branch)
Scrolls
 c - 8 scrolls of identify {unknown}
 g - 2 scrolls of fog {unknown}
 i - 2 scrolls of vulnerability {unknown}
 k - 2 scrolls of poison {unknown}
 n - 2 scrolls of magic mapping {unknown}
 o - 2 scrolls of teleportation {unknown}
 q - a scroll of brand weapon {unknown}
 s - 2 scrolls of enchant weapon {unknown}
 t - a scroll of torment {unknown}
Potions
 d - a potion of attraction
 f - a potion of brilliance
 h - a potion of degeneration
 l - a potion of lignification
 p - a potion of might {unknown}
 r - a potion of ambrosia {unknown}


   Skills:
 - Level 1.7 Dodging
 - Level 1.4 Stealth
 * Level 4.4 Spellcasting
 + Level 0.0 Conjurations
 - Level 0.8 Transmutations
 * Level 4.1 Earth Magic


You had 8 spell levels left.
You knew the following spells:

 Your Spells              Type           Power      Damage    Failure   Level
a - Sandblast             Erth           50%        2d12      3%          1
b - Stone Arrow           Conj/Erth      30%        3d8       21%         3

Your spell library contained the following spells:

 Spells                   Type           Power      Damage    Failure   Level
 Passwall                 Tmut/Erth      14%        N/A       9%          2
 Gell's Gravitas          Tloc           5%         N/A       43%         3
 Lesser Beckoning         Tloc           5%         N/A       43%         3
 Teleport Other           Tloc           5%         N/A       43%         3
 Petrify                  Tmut/Erth      17%        N/A       50%         4
 Fireball                 Conj/Fire      2%         3d4       99%         5
 Iskenderun's Battlesphe  Conj           5%         2d6       99%         5
 Conjure Ball Lightning   Conj/Air       2%         3x3d6     100%        6
 Orb of Destruction       Conj           2%         9d5       100%        7


Dungeon Overview and Level Annotations

Branches:
Dungeon (4/15)
 Temple: D:4-7

Altars:
Ashenzari

Shops:
D:3 [=

Annotations:
D:4 Ijyb


Innate Abilities, Weirdness & Mutations

You are a tree.
Your roots penetrate the ground, keeping you stationary.
You cannot be teleported.
You are immune to unholy pain and torment.
Your maximum health is greatly increased.
Your equipment is partially melded.
You are too large for most types of armour.
((You have tough skin. (AC +1)))


Message History

The magic dart hits you!
* * * LOW HITPOINT WARNING * * *
The hobgoblin is attracted toward you.
It was a potion of brilliance.
You feel clever all of a sudden. The orc hits you but does no damage.
The orc priest closely misses you.
It was a potion of lignification.
You turn into a tree.
Your +0 robe melds into your body.
Your roots penetrate the ground.
The orc hits you with a +0 trident.
* * * LOW HITPOINT WARNING * * *
The orc priest hits you with a +0 hand axe.
* * * LOW HITPOINT WARNING * * *
The orc wizard casts a spell.
The orc wizard flickers and vanishes!
Deactivating autopickup; reactivate with Ctrl-A.
The orc hits you with a +0 short sword.
* * * LOW HITPOINT WARNING * * *
It was a potion of berserk rage.
A red film seems to cover your vision as you go berserk!
You feel yourself moving faster!
You feel mighty! The orc hits you but does no damage.
The orc priest hits you but does no damage.
Something hits you but does no damage. The orc hits you but does no damage.
You cannot move. (Use ctrl+direction or * direction to attack while stationary and confused.)
You cannot move. (Use ctrl+direction or * direction to attack while stationary and confused.)
You cannot move. (Use ctrl+direction or * direction to attack while stationary and confused.)
You miss something.
Unknown command.
You cannot move. (Use ctrl+direction or * direction to attack while stationary and confused.)
You barely miss the orc priest. The orc hits you with a +0 trident.
* * * LOW HITPOINT WARNING * * *
The orc priest invokes the aid of Beogh against you.
Beogh smites you!
* * * LOW HITPOINT WARNING * * *
The orc hits you but does no damage. Something hits you but does no damage.
You are too berserk!
You cannot move. (Use ctrl+direction or * direction to attack while stationary and confused.)
You cannot move. (Use ctrl+direction or * direction to attack while stationary and confused.)
You attack the rock wall.
The orc hits you with a +0 trident.
You die...

.. .. .# .# .#
.##.# ..
....###
...#####...^..
......o.#..#
#.go♣<.?####.
#..o{........
#...g).#####.
#..#.).#
#..#....
.........#
#..........
#....###.###
.. .#


You could see Ijyb, an orc priest, 2 orcs and a hobgoblin.

Vanquished Creatures
  3 adders
  3 worms (D:2)
  3 dart slugs
  2 orcs (D:4)
  7 endoplasms
  8 giant cockroaches
  9 goblins
  9 hobgoblins
  7 jackals
  3 quokkas
  4 ball pythons
  4 bats
  5 frilled lizards
  3 kobolds
  6 rats
76 creatures vanquished.

Notes
Turn   | Place    | Note
-------+----------+-------------------------------------------
     0 | D:1      | Bruhh the Ogre Earth Elementalist began the quest for the
                  | Orb.
     0 | D:1      | Reached XP level 1. HP: 16/16 MP: 3/3
   123 | D:1      | Reached XP level 2. HP: 7/24 MP: 0/5
   873 | D:1      | Reached XP level 3. HP: 31/31 MP: 7/7
  2046 | D:2      | Reached XP level 4. HP: 39/39 MP: 7/9
  2070 | D:2      | You fall into a shaft and drop 1 floor!
  2103 | D:3      | Found Jorherom's Jewellery Boutique.
  3031 | D:3      | Found Xulei's Antique Armour Emporium.
  3191 | D:3      | Found a broken altar of Ashenzari.
  3253 | D:3      | Reached XP level 5. HP: 45/45 MP: 8/11
  3410 | D:3      | Learned a level 3 spell: Stone Arrow
  3452 | D:4      | Noticed Ijyb
  3460 | D:4      | HP: 2/100 [orc priest/divine providence (7)]
  3461 | D:4      | Slain by an orc

Illustrated notes

Levels and vault maps discovered:
D:1:      nzn_arrival_crosshair, layout_basic
D:2:      layout_loops_ring, minmay_close_crescents
D:3:      layout_rooms, nicolae_ashenzari_skybound, serial_shops,
          nicolae_shop_temple_entry_statues_fountains, nicolae_shop_hallway_plus
D:4:      layout_basic, trog_book, uniq_ijyb

Skill      XL: |  1  2  3  4 |
---------------+-------------+-----
Earth Magic    | 3 4 |  4.1
Spellcasting   | 3 4 |  4.4
Dodging        | |  1.7
Stealth        | |  1.4
Transmutations | |  0.8

Action                   |  1- 3 |  4- 6 || total
-------------------------+-------+-------++-------
Melee: Unarmed           |    33 |       ||    33
       Club              |    70 |     7 ||    77
       Punch             |     1 |       ||     1
 Cast: Sandblast         |    47 |    58 ||   105
  Use: Potion            |     1 |     5 ||     6
 Stab: Sleeping          |     2 |       ||     2
Armor: Robe              |    63 |    10 ||    73
       Skin              |       |     6 ||     6
Dodge: Dodged            |    73 |    17 ||    90

Table legend: (Time is in decaauts)
 A = Elapsed time spent in this place.
 B = Non-inter-level travel time spent in this place.
 C = Inter-level travel time spent in this place.
 D = Time resting spent in this place.
 E = Time spent auto-exploring this place.
 F = Levels seen in this place.
 G = Mean time per level.
                   A        B        C        D        E       F      G
               +--------+--------+--------+--------+--------+-----+--------+
         Total |   3481 |   3401 |     80 |      0 |   2900 |   4 |  870.2 |
       Dungeon |   3481 |   3401 |     80 |      0 |   2900 |   4 |  870.2 |
               +--------+--------+--------+--------+--------+-----+--------+

Top non-repeatable levels by time:
     D:1: 1681 daAuts
     D:2: 1268 daAuts
     D:3: 514 daAuts
     D:4: 17 daAuts
